 Dungeon Crawl Stone Soup version 0.28.0-43-g3370ac3207 (webtiles) character file.

Game seed: 2006049643828543366

70 demenzo the Chopper (level 4, -6/31 HPs)
             Began as an Octopode Cinder Acolyte on Mar 24, 2022.
             Was a High Priest of Ignis.
             Mangled by an orc
             ... wielding a +0 falchion of electrocution
              (16 damage)
             ... on level 3 of the Dungeon.
             The game lasted 00:03:17 (3164 turns).

demenzo the Chopper (Octopode Cinder Acolyte)       Turns: 3164, Time: 00:03:17

Health: -6/31      AC:  1    Str: 13    XL:     4   Next: 22%
Magic:  1/5        EV: 12    Int: 18    God:    Ignis [*****.]
Gold:   163        SH:  0    Dex:  7    Spells: 0/5 levels left

rFire   + . .      SeeInvis .   g - +2 mace (protect)
rCold   . . .      Faith    .   (no shield)
rNeg    . . .      Spirit   .   (helmet restricted)
rPois   +          Reflect  .   (no amulet)
rElec   .          Harm     .   j - ring of poison resistance
rCorr   .          Rampage  .   (no ring)
Will    .....                   (no ring)
Stlth   +++.......              (no ring)
HPRegen 0.10/turn               (no ring)
MPRegen 0.09/turn               (no ring)
                                (no ring)
                                (no ring)

@: no status effects
A: almost no armour, amphibious, 8 rings, camouflage 1, gelatinous body 1,
(nimble swimmer 1), tentacles
a: Renounce Religion, Fiery Armour, Foxfire Swarm, Rising Flame


You were on level 3 of the Dungeon.
You worshipped Ignis.
Ignis was extremely pleased with you.
You visited 1 branch of the dungeon, and saw 3 of its levels.

You collected 163 gold pieces.

Inventory:

Hand Weapons
 a - a -1 hand axe of flaming
 g - a +2 mace of protection (weapon)
Missiles
 f - 9 sling bullets
 k - 11 stones (quivered)
 l - 17 arrows
Jewellery
 j - a ring of poison resistance (left tentacle)
Scrolls
 d - 7 scrolls of identify {unknown}
 i - 2 scrolls of summoning {unknown}
 n - a scroll of brand weapon {unknown}
Potions
 b - a potion of heal wounds {unknown}
 c - 3 potions of curing {unknown}
 e - a potion of magic {unknown}
 h - a potion of resistance {unknown}
 m - 2 potions of invisibility {unknown}


   Skills:
 + Level 3.5 Fighting
 * Level 4.0 Axes
 + Level 2.4 Stealth
 - Level 1.0 Spellcasting
 + Level 0.1 Hexes
 - Level 3.0 Fire Magic


You couldn't memorise any spells.
You knew the following spells:

 Your Spells              Type           Power      Damage    Failure   Level
a - Scorch                Fire           22%        2d6       9%          2
b - Confusing Touch       Hex            1%         N/A       50%         3

Your spell library contained the following spells:

 Spells                   Type           Power      Damage    Failure   Level
 Slow                     Hex            4%         N/A       19%         1
 Animate Skeleton         Necr           0%         N/A       21%         1
 Pain                     Necr           0%         1d4       21%         1
 Vampiric Draining        Necr           0%         2d6       52%         3


Dungeon Overview and Level Annotations

Branches:
Dungeon (3/15)

Altars:
Xom


Innate Abilities, Weirdness & Mutations

You cannot wear most types of armour.
You are amphibious.
You can wear up to eight rings at the same time.
Your skin changes colour to match your surroundings (Stealth+).
Your rubbery body absorbs attacks. (AC +1, EV +1)
((You are camouflaged when in or above water. (Stealth+)))
You have tentacles for arms and can constrict up to eight enemies at once.


Message History

The orc is severely wounded.
You constrict the orc. The orc closely misses you.
The orc hits you with a +0 whip.
You hit the orc.
You kill the orc!
Cast which spell? (? or * to list) Flames lash the orc priest.
The orc priest is heavily wounded.
The orc priest's fire resistance burns away.
Casting: Scorch (safe; 9% risk of failure)
Confirm with . or Enter, or press ? or * to list all spells.
Flames lash the orc.
The orc is severely wounded.
The orc's fire resistance burns away.
The orc hits you with a +0 falchion of electrocution.
The orc priest invokes the aid of Beogh against you.
Beogh smites you!
Casting: Scorch (safe; 9% risk of failure)
Confirm with . or Enter, or press ? or * to list all spells.
You don't have enough magic to cast this spell.
Unknown command.
Casting: Scorch (safe; 9% risk of failure)
Confirm with . or Enter, or press ? or * to list all spells.
You don't have enough magic to cast this spell.
Unknown command.
Casting: Scorch (safe; 9% risk of failure)
Confirm with . or Enter, or press ? or * to list all spells.
You don't have enough magic to cast this spell.
Casting: Scorch (safe; 9% risk of failure)
Confirm with . or Enter, or press ? or * to list all spells.
You don't have enough magic to cast this spell.
The orc priest begins to cast a cantrip, but forgets the words!
The orc priest is no longer more vulnerable to fire.
The orc is no longer more vulnerable to fire.
The orc priest calls upon Beogh to heal the orc.
The orc's wounds heal themselves!
The orc hits you with a +0 falchion of electrocution.
You are electrocuted!
Ouch! That really hurt!
You die...

*K* *,,,,,,,* *,),,,,,,
*,*############## *,,,,,,,,
*,,.............#####..,,,,,,
***###.#.#.#...>...o...,,,,,,
*,#...#....)....#*******
#####.###.#.o.......#
#.....#...#.#.......#
#.#####.#.#o#.......#
#.#####'###@#.#######
#...........#+#*****
#..............,,,,*
#..............,,,,*
#..............,,,,****
#...............,,,,,,*
#........).......,,,,,*
#........<..#####.,,,,*
##..........# *,,,,,*


You could see an orc priest and an orc.

Vanquished Creatures
  2 adders (D:2)
  2 worms
  4 orcs (D:3)
  2 bats
  2 endoplasms
  A giant cockroach (D:3)
  4 goblins
  4 hobgoblins
  2 jackals (D:1)
  3 kobolds
  6 ball pythons
  2 frilled lizards (D:2)
  10 rats
44 creatures vanquished.

Notes
Turn   | Place    | Note
-------+----------+-------------------------------------------
     0 | D:1      | demenzo the Octopode Cinder Acolyte began the quest for the
                  | Orb.
     0 | D:1      | Reached XP level 1. HP: 16/16 MP: 2/2
   282 | D:1      | Reached skill level 1 in Stealth
   282 | D:1      | Reached XP level 2. HP: 19/21 MP: 3/3
   312 | D:1      | You fall into a shaft and drop 1 floor!
   647 | D:1      | Found a faded altar of an unknown god.
  1179 | D:2      | Reached XP level 3. HP: 23/26 MP: 4/4
  1311 | D:2      | Learned a level 2 spell: Scorch
  1335 | D:2      | Found a shimmering altar of Xom.
  2539 | D:3      | Reached XP level 4. HP: 31/31 MP: 5/5
  2543 | D:3      | Learned a level 3 spell: Confusing Touch
  2582 | D:3      | Reached skill level 4 in Axes
  3164 | D:3      | Mangled by an orc

Illustrated notes

Levels and vault maps discovered:
D:1:      minmay_arrival_jagged, layout_loops_ring, basic_ecumenical_altar
D:2:      layout_loops_cross, basic_altar
D:3:      layout_basic

Skill      XL: |  1  2  3  4 |
---------------+-------------+-----
Stealth        | 1 2 |  2.4
Axes           | 4 |  4.0
Fighting       | |  3.5
Spellcasting   | |  1.0
Hexes          | |  0.1
Fire Magic     | |  3.0

Action                   |  1- 3 |  4- 6 || total
-------------------------+-------+-------++-------
Melee: Hand axe          |    23 |       ||    23
       Tentacles         |    11 |     5 ||    16
       Constrict         |    17 |     4 ||    21
       Mace              |    37 |    14 ||    51
 Cast: Scorch            |       |     2 ||     2
 Stab: Sleeping          |     6 |       ||     6
Armor: Skin              |     9 |     2 ||    11
Dodge: Dodged            |    32 |     4 ||    36
